 Dungeon Crawl Stone Soup version 0.20.1-1-g8b1a95d (webtiles) character file.

1038 Kingsmith the Magician (level 8, -1/51 HPs)
             Began as a Deep Elf Wizard on Dec 8, 2017.
             Was an Initiate of Sif Muna.
             Slain by an ice beast (13 damage)
             ... on level 6 of the Dungeon.
             The game lasted 00:15:40 (5887 turns).

Kingsmith the Magician (Deep Elf Wizard)            Turns: 5887, Time: 00:15:41

Health: -1/51      AC:  6    Str:  6    XL:     8   Next: 4%
Magic:  20/20      EV: 12    Int: 24    God:    Sif Muna [......]
Gold:   263        SH:  0    Dex: 13    Spells: 8/21 levels left

rFire    + . .     SeeInvis .   v - +1 whip (elec)
rCold    . . .     Gourm    .   (no shield)
rNeg     . . .     Faith    .   F - +1 robe of Coronation {*Contam rPois rF+}
rPois    +         Spirit   .   s - +1 helmet
rElec    .         Reflect  .   (no cloak)
rCorr    .         Harm     .   (no gloves)
MR       .....                  b - +0 pair of boots
Stlth    ++........             m - amulet of rage
Regen    0.2/turn               (no ring)
MPRegen  0.2/turn               (no ring)

@: drained
A: no striking features
a: Renounce Religion, Evoke Berserk Rage


You were on level 6 of the Dungeon.
You worshipped Sif Muna.
Sif Muna was noncommittal.
You were not hungry.

You visited 2 branches of the dungeon, and saw 8 of its levels.

You collected 263 gold pieces.

Inventory:

Hand Weapons
 q - a +0 dagger of venom
 v - a +1 whip of electrocution (weapon)
Armour
 b - a +0 pair of boots (worn)
 s - a +1 helmet (worn)
 F - the +1 robe of Coronation (worn) {*Contam rPois rF+}
   (You found it on level 4 of the Dungeon)

   It protects you from fire.
   It protects you from poison.
   It causes magical contamination when unequipped.
Jewellery
 m - an amulet of rage (around neck)
 y - a cursed ring of teleportation {unknown}
Wands
 p - a wand of polymorph (12/24)
 C - a wand of digging (23/24)
 E - a wand of lightning (2/15)
Scrolls
 a - 3 scrolls of identify
 e - 3 scrolls of remove curse
 h - 2 scrolls of teleportation
 i - a scroll of enchant armour
 k - a scroll of fear
 n - a scroll of immolation {unknown}
 o - 2 scrolls of amnesia
 t - a scroll of blinking {unknown}
 H - a scroll of magic mapping
Potions
 g - 3 potions of flight {unknown}
 r - 3 potions of curing {unknown}
 u - a potion of degeneration {unknown}
 w - a potion of magic {unknown}
 x - 2 potions of brilliance {unknown}
 z - a potion of heal wounds {unknown}
 A - a potion of agility {unknown}
 B - a potion of haste {unknown}
 D - 2 potions of lignification {unknown}
Books
 c - a book of Minor Magic

   Spells                             Type                      Level
   a - Magic Dart                     Conjuration                  1
   b - Blink                          Translocation                2
   c - Call Imp                       Summoning                    2
   d - Slow                           Hexes                        2
   e - Conjure Flame                  Conjuration/Fire             3
   f - Mephitic Cloud                 Conjuration/Poison/Air       3
Comestibles
 d - 5 bread rations
 f - 2 meat rations
 j - 8 fruits
 l - 4 royal jellies
 G - a chunk of flesh


   Skills:
 - Level 6.2(6.1) Fighting
 - Level 2.4(2.3) Dodging
 - Level 2.4(2.3) Stealth
 - Level 7.0(6.9) Spellcasting
 + Level 1.7(1.6) Conjurations
 - Level 3.5 Summonings
 - Level 1.1(1.0) Translocations


You had 8 spell levels left.
You knew the following spells:

 Your Spells              Type           Power        Failure   Level  Hunger
a - Magic Dart            Conj           ###.         3%          1    None
b - Blink                 Tloc           N/A          7%          2    None
c - Call Imp              Summ           ####....     2%          2    None
d - Slow                  Hex            #.......     11%         2    None
e - Conjure Flame         Conj/Fire      ##......     16%         3    None
f - Mephitic Cloud        Conj/Pois/Air  ##......     17%         3    None


Dungeon Overview and Level Annotations

Branches:
Dungeon (7/15)             Temple (1/1) D:6

Altars:
Ashenzari
Cheibriados
Dithmenos
Elyvilon
Fedhas
Gozag
Kikubaaqudgha
Makhleb
Nemelex Xobeh
Okawaru
Qazlal
Ru
Sif Muna
Trog
Uskayaw
Vehumet
Xom
Yredelemnul
The Shining One


Message History

You climb upwards.
Your summoned ally is left behind.
There is a stone staircase leading down here.
Press: ? - help, v - describe, . - travel
Here: an ice beast (lightly wounded)
The floor.
Casting: Slow
Confirm with . or Enter, or press ? or * to list all spells.
A beastly little devil appears in a puff of frigid air.
The ice beast hits you. The ice beast freezes you!
* * * LOW HITPOINT WARNING * * *
The ice beast hits you but does no damage.
Your white imp hits the ice beast but does no damage.
The ice beast misses you.
The ice beast hits you but does no damage.
Your white imp barely misses the ice beast.
There is a stone staircase leading down here.
The ice beast hits you.
* * * LOW HITPOINT WARNING * * *
The ice beast freezes you!
You die...

##...##................##
#.......<..............##
#....#######............#
#....##...##......#######
#.....#...........##....#
#.....#.................#
##....#................##
##....#.................#
#.....#.........@.......#
#.....#.........Y.......#
#.....#.........5.......#
#.....#...........##...##
##....#.........>.######
##....#............#
#.....#............#
'.....#...#######..#
#.....#...##.......#####


You could see an ice beast and a friendly white imp.

Vanquished Creatures
  A bullfrog (D:4)
  4 wights (D:6)
  A howler monkey (D:6)
  A crimson imp (D:6)
  2 hounds
  An iguana (D:4)
  Ijyb (D:4)
  4 worker ants (D:5)
  A hound skeleton (D:4)
  5 adders
  An ooze (D:3)
  An adder skeleton (D:5)
  A worm (D:2)
  2 dart slugs
  6 leopard geckos
  7 orcs
  6 giant cockroaches
  3 hobgoblins
  7 kobolds
  2 quokkas
  2 ball pythons
  15 bats
  6 frilled lizards
  7 goblins
  A quokka skeleton (D:5)
  9 rats
97 creatures vanquished.

Vanquished Creatures (collateral kills)
  Sigmund (D:5)
  A sky beast (D:6)
  A necrophage (D:6)
  A bullfrog (D:6)
  The ghost of Kingsmith the Magician, a weakling DEWz (D:3)
  A quasit (D:6)
  3 hounds
  An iguana (D:5)
  7 gnolls
  A worm (D:3)
  A leopard gecko (D:3)
  An orc (D:3)
  A goblin (D:3)
  A frilled lizard (D:6)
  A kobold (D:3)
23 creatures vanquished.

Grand Total: 120 creatures vanquished

Notes
Turn   | Place    | Note
-------+----------+-------------------------------------------
     0 | D:1      | Kingsmith the Deep Elf Wizard began the quest for the Orb.
     0 | D:1      | Reached XP level 1. HP: 10/10 MP: 7/7
   121 | D:1      | Reached skill level 5 in Spellcasting
   210 | D:1      | Reached XP level 2. HP: 15/15 MP: 8/10
   558 | D:1      | Learned a level 2 spell: Blink
   561 | D:1      | Learned a level 2 spell: Call Imp
   564 | D:1      | Learned a level 2 spell: Slow
   920 | D:1      | Reached XP level 3. HP: 19/19 MP: 9/12
  1166 | D:2      | Reached skill level 6 in Spellcasting
  1171 | D:2      | Learned a level 3 spell: Conjure Flame
  1175 | D:2      | Learned a level 3 spell: Mephitic Cloud
  1546 | D:2      | Reached XP level 4. HP: 21/24 MP: 9/14
  1603 | D:2      | Reached skill level 7 in Spellcasting
  1928 | D:3      | Noticed Kingsmith's ghost (weakling DEWz)
  1936 | D:3      | Killed Kingsmith's ghost
  1936 | D:3      | Reached skill level 1 in Fighting
  2281 | D:3      | Reached XP level 5. HP: 28/30 MP: 6/16
  2972 | D:4      | Noticed Ijyb
  2987 | D:4      | Killed Ijyb
  3032 | D:4      | Got a shadowed robe
  3074 | D:3      | Identified the +1 robe of Coronation {*Contam rPois rF+} (You found it on level 4 of the Dungeon)
  3097 | D:4      | Reached XP level 6. HP: 37/37 MP: 10/18
  3355 | D:5      | Entered Level 5 of the Dungeon
  3468 | D:5      | Found a stormy altar of Qazlal.
  3468 | D:5      | Noticed Sigmund
  3482 | D:5      | Killed Sigmund
  3874 | D:5      | Reached skill level 5 in Fighting
  3874 | D:5      | Reached XP level 7. HP: 32/44 MP: 10/19
  5019 | D:6      | Found a staircase to the Ecumenical Temple.
  5134 | Temple   | Entered the Ecumenical Temple
  5292 | Temple   | Became a worshipper of Sif Muna the Loreminder
  5479 | D:6      | Reached XP level 8. HP: 40/51 MP: 9/20
  5887 | D:6      | Slain by an ice beast

Skill      XL: |  1  2  3  4  5  6  7 |
---------------+----------------------+-----
Spellcasting   | 5 6 7 |  7.0
Fighting       | 1 3 5 6 |  6.2
Summonings     | 3 |  3.5
Dodging        | |  2.4
Stealth        | |  2.4
Conjurations   | |  1.7
Translocations | |  1.1

Action                   |  1- 3 |  4- 6 |  7- 9 || total
-------------------------+-------+-------+-------++-------
Melee: Unarmed           |     4 |       |       ||     4
       Club              |    35 |       |       ||    35
       Dagger            |       |    12 |       ||    12
       Whip              |       |    54 |    42 ||    96
 Cast: Magic Dart        |    93 |    99 |    59 ||   251
       Call Imp          |       |    28 |    41 ||    69
       Mephitic Cloud    |       |     1 |       ||     1
       Slow              |       |       |     1 ||     1
 Abil: Evoke Berserk Rag |     1 |       |       ||     1
  Use: Scroll            |       |     9 |       ||     9
 Stab: Distracted        |       |     1 |       ||     1
       Sleeping          |       |     1 |       ||     1
       Confused          |       |     1 |       ||     1
  Eat: Chunk             |     3 |     7 |     6 ||    16
Armor: Robe              |     6 |    25 |    19 ||    50
Dodge: Dodged            |    15 |    71 |    54 ||   140
